 Dungeon Crawl Stone Soup version 0.30.1-11-g7821555f0a (webtiles) character file.

Game seed: 7548025709475017788

9447 porpoise the Skirmisher (level 11, -6/75 HPs)
             Began as a Human Hunter on Jan 16, 2024.
             Was a Priest of Hepliaklqana.
             Mangled by Snorg (13 damage)
             ... on level 10 of the Dungeon.
             The game lasted 00:28:18 (10377 turns).

porpoise the Skirmisher (Human Hunter)             Turns: 10377, Time: 00:28:22

Health: -6/75      AC: 10    Str: 11    XL:     11   Next: 74%
Magic:  14/14      EV: 19    Int: 10    God:    Hepliaklqana [***...]
Gold:   498        SH:  0    Dex: 21    Spells: 10/10 levels left

rFire   . . .        a - +2 shortbow (flame)
rCold   . . .        (shield currently unavailable)
rNeg    . . .        c - +1 leather armour
rPois   .            T - +2 hat
rElec   .            (no cloak)
rCorr   .            (no gloves)
SInv    .            (no boots)
Will    .....        Q - amulet of the acrobat
Stlth   +++          i - +5 ring of evasion
HPRegen 0.32/turn    n - +4 ring of protection
MPRegen 0.14/turn

%: acrobat
@: no status effects
A: reduced essence
a: Renounce Religion, Recall Ancestor, Ancestor Identity, Transference


You were on level 10 of the Dungeon.
You worshipped Hepliaklqana.
Hepliaklqana was most pleased with you.
You visited 1 branch of the dungeon, and saw 10 of its levels.

You collected 745 gold pieces.
You spent 247 gold pieces at shops.

Inventory:

Hand Weapons
 a - a +2 shortbow of flaming (weapon)
 b - a +2 short sword of draining
 w - a +4 great sword of freezing
 R - a +2 spectral quarterstaff
 V - a +0 dagger of venom
Missiles
 k - 27 poisoned darts
 J - 2 curare-tipped darts
Armour
 c - a +1 leather armour (worn)
 x - a +0 buckler
 F - +0 steam dragon scales
 I - a +0 pair of gloves
 T - a +2 hat (worn)
Magical Staves
 B - a staff of earth
Jewellery
 i - a +5 ring of evasion (left hand)
 n - a +4 ring of protection (right hand)
 u - a ring of wizardry
 y - the ring "Qyschuh" {+Blink rF+}
   (You found it on level 6 of the Dungeon)

   [ring of protection from fire]

   rF:        It protects you from fire.
   +Blink:    It lets you blink.
 H - a +6 ring of intelligence
 K - a +5 ring of evasion
 Q - an amulet of the acrobat (around neck)
Wands
 o - a wand of light (20)
 v - a wand of roots (9)
 O - a wand of mindburst (20)
 S - a wand of paralysis (6)
Scrolls
 d - a scroll of enchant armour
 e - 8 scrolls of poison
 j - 2 scrolls of teleportation
 m - a scroll of vulnerability
 q - 9 scrolls of immolation
 s - 2 scrolls of amnesia
 t - a scroll of enchant weapon
 E - a scroll of blinking
 G - a scroll of acquirement {unknown}
 L - a scroll of silence
 N - a scroll of fear
 P - a scroll of summoning
Potions
 f - 5 potions of heal wounds
 g - 2 potions of haste
 h - 5 potions of curing
 l - 2 potions of flight
 p - 4 potions of lignification
 r - 2 potions of invisibility
 z - a potion of mutation
 A - 2 potions of resistance
 C - 2 potions of berserk rage
 D - 3 potions of might
 M - a potion of magic


   Skills:
 + Level 7.1 Fighting
 * Level 13.4 Ranged Weapons
 - Level 5.0 Armour
 - Level 5.0 Dodging
 + Level 5.9 Stealth
 - Level 5.0 Invocations


You had 10 spell levels left.
You didn't know any spells.
Your spell library contained the following spells:

 Spells                   Type           Power      Damage    Failure   Level
 Kiss of Death            Conj/Necr      0%         2d5       43%         1
 Magic Dart               Conj           0%         1d3       43%         1
 Call Imp                 Summ           0%         N/A       58%         2
 Hailstorm                Conj/Ice       0%         3d3       82%         3
 Inner Flame              Hex/Fire       0%         N/A       82%         3
 Mephitic Cloud           Conj/Pois/Air  0%         N/A       82%         3
 Flame Wave               Conj/Fire      0%         2d4       99%         4
 Sticky Flame             Conj/Fire      0%         2d3       99%         4
 Ozocubu's Refrigeration  Ice            0%         4d7       100%        7
 Death's Door             Necr           0%         N/A       100%        9


Dungeon Overview and Level Annotations

Branches:
Dungeon (10/15)            Temple (0/1) D:7            Lair (0/5) D:9
    Orc (0/2) D:10

Altars:
Dithmenos
Hepliaklqana
Qazlal
Ru
Sif Muna
Xom

Shops:
D:4 =:   D:5 !   D:8 =

Annotations:
D:5 1 runed translucent door, SirLogeyBear's ghost, amateur HOBe
D:6 exclusion: ancestor
D:10 2 transporters, Snorg; middlethird's ghost, novice VSTm


Message History

The arrow burns Snorg.
Snorg is moderately wounded.
Nikki blocks Snorg's attack.
Snorg claws Nikki.
Snorg misses Nikki.
Nikki closely misses Snorg.
You shoot an arrow. Nikki avoids your attack.
The arrow hits Snorg!!
The arrow burns Snorg.
Snorg is moderately wounded.
Snorg bites Nikki!
Nikki blocks Snorg's attack.
Snorg closely misses Nikki.
You shoot an arrow. Nikki avoids your attack.
The arrow hits Snorg!
The arrow burns Snorg.
Snorg is heavily wounded.
Snorg bites Nikki.
Nikki is destroyed!
You shoot an arrow. The arrow hits Snorg!
The arrow burns Snorg.
Snorg is heavily wounded.
You shoot an arrow. The arrow hits Snorg!
The arrow burns Snorg.
Snorg is severely wounded.
Snorg bites you!! Snorg barely misses you. Snorg claws you!
You shoot an arrow. The arrow hits Snorg.
The arrow burns Snorg.
Snorg is severely wounded.
Snorg misses you. Snorg completely misses you. Snorg closely misses you.
Snorg barely misses you. Snorg claws you. Snorg claws you but does no damage.
You shoot an arrow. The arrow hits Snorg!
The arrow burns Snorg.
Snorg is severely wounded.
Snorg bites you! Snorg claws you. Snorg claws you!
* * * LOW HITPOINT WARNING * * *
You shoot an arrow. The arrow hits Snorg!
The arrow burns Snorg.
Snorg is almost dead.
Snorg bites you but does no damage. Snorg closely misses you. Snorg claws you.
* * * LOW HITPOINT WARNING * * *
You shoot an arrow. The arrow completely misses Snorg.
Snorg completely misses you. Snorg closely misses you.
Snorg completely misses you.
You shoot an arrow. The arrow hits Snorg.
The arrow burns Snorg.
Snorg is almost dead.
Snorg misses you. Snorg claws you.
* * * LOW HITPOINT WARNING * * *
Snorg completely misses you. Snorg bites you but does no damage.
Snorg barely misses you. Snorg claws you!
You die...

.#####.#######..#################
.................................
.....)..................>........
.................................
..#.#############################
....# .####
.################################
................@.............<..
################T..##############
#...# #...# #...# #...# #...#
.....


You could see Snorg (berserk).

Vanquished Creatures
  A two-headed ogre (D:10)
  A hornet (D:9)
  Prince Ribbit (D:7)
  9 yaks
  A basilisk (D:9)
  3 steam dragons
  Menkaure (D:7)
  Edmund (D:4)
  2 acid dragons
  A sky beast (D:7)
  2 ice beasts (D:6)
  An ogre (D:5)
  3 centaurs
  Blork the orc (D:4)
  2 kobold brigands (D:9)
  A scorpion (D:6)
  A bullfrog (D:7)
  3 wights (D:9)
  7 killer bees
  A troll skeleton (D:10)
  3 spriggan skeletons (D:10)
  4 howler monkeys
  6 hounds
  7 orc priests
  3 jellies (D:6)
  An iguana (D:6)
  A sleepcap (D:4)
  2 orc wizards
  8 adders
  A white imp (D:5)
  An ufetubus (D:5)
  2 worms
  3 dart slugs
  25 orcs
  6 ball pythons
  8 bats
  9 endoplasms
  6 giant cockroaches
  6 goblins
  11 hobgoblins
  19 jackals
  2 frilled lizards (D:1)
  22 kobolds
  9 rats
208 creatures vanquished.

Vanquished Creatures (collateral kills)
  A two-headed ogre (D:10)
  An unseen horror (D:10)
  A wraith (D:8)
  8 yaks (D:10)
  A basilisk (D:9)
  2 steam dragons (D:8)
  An orc warrior (D:7)
  A black bear (D:8)
  An ogre (D:5)
  2 centaurs
  A phantom (D:5)
  2 kobold brigands
  A bullfrog (D:8)
  A scorpion (D:6)
  A wight (D:9)
  2 killer bees
  2 spriggan skeletons (D:10)
  A howler monkey (D:9)
  An orc priest (D:5)
  A hound (D:5)
  A sleepcap (D:5)
  An iguana (D:5)
  An orc wizard (D:9)
  An ufetubus (D:5)
  5 orcs
  2 kobolds
43 creatures vanquished.

Vanquished Creatures (others)
  3 knights
3 creatures vanquished.

Grand Total: 254 creatures vanquished

Notes
Turn   | Place    | Note
-------+----------+-------------------------------------------
     0 | D:1      | porpoise the Human Hunter began the quest for the Orb.
     0 | D:1      | Reached XP level 1. HP: 16/16 MP: 1/1
   135 | D:1      | Reached XP level 2. HP: 22/22 MP: 2/2
   363 | D:1      | Reached XP level 3. HP: 28/28 MP: 3/3
  1122 | D:2      | Reached skill level 5 in Ranged Weapons
  1122 | D:2      | Reached XP level 4. HP: 34/34 MP: 4/4
  1875 | D:3      | Reached XP level 5. HP: 41/41 MP: 5/5
  2209 | D:3      | Reached skill level 6 in Ranged Weapons
  2209 | D:3      | Reached XP level 6. HP: 47/47 MP: 6/6
  2524 | D:4      | Noticed Blork the orc
  2536 | D:4      | Killed Blork the orc
  2637 | D:4      | Noticed Edmund
  2650 | D:4      | Killed Edmund
  2651 | D:4      | Reached skill level 7 in Ranged Weapons
  2651 | D:4      | Reached XP level 7. HP: 44/55 MP: 7/7
  2855 | D:4      | Found a hazy altar of Hepliaklqana.
  2860 | D:4      | Became a worshipper of Hepliaklqana the Forgotten
  3129 | D:4      | Found Epemor's Book Shoppe.
  3194 | D:4      | Found Umioruhe's Jewellery Shoppe.
  3678 | D:5      | Entered Level 5 of the Dungeon
  3860 | D:5      | Found a runed translucent door.
  3864 | D:5      | Reached * piety under Hepliaklqana
  3865 | D:5      | Noticed SirLogeyBear's ghost (amateur HOBe)
  3905 | D:5      | Reached skill level 5 in Fighting
  3905 | D:5      | Reached skill level 8 in Ranged Weapons
  3905 | D:5      | Reached XP level 8. HP: 55/55 MP: 8/8
  4419 | D:5      | Found Miaqot's Distillery.
  4493 | D:5      | Reached skill level 9 in Ranged Weapons
  4676 | D:6      | Found a stormy altar of Qazlal.
  5017 | D:6      | Reached XP level 9. HP: 62/62 MP: 9/9
  5177 | D:5      | Bought a potion of might for 52 gold pieces
  5177 | D:5      | Bought a potion of heal wounds for 65 gold pieces
  5177 | D:5      | Bought a potion of heal wounds for 65 gold pieces
  5177 | D:5      | Bought a potion of heal wounds for 65 gold pieces
  5347 | D:6      | Found a shimmering blue altar of Sif Muna.
  5359 | D:6      | Identified the ring "Qyschuh" {+Blink rF+}
  5455 | D:6      | Reached skill level 10 in Ranged Weapons
  5772 | D:6      | Reached ** piety under Hepliaklqana
  5773 | D:6      | Remembered your ancestor Nikki as a knight
  6171 | D:7      | Noticed Prince Ribbit
  6188 | D:7      | Killed Prince Ribbit
  6189 | D:7      | Reached skill level 11 in Ranged Weapons
  6323 | D:7      | Found a staircase to the Ecumenical Temple.
  6553 | D:7      | Noticed Menkaure
  6683 | D:7      | Killed Menkaure
  6684 | D:7      | Reached XP level 10. HP: 71/71 MP: 10/10
  7765 | D:8      | Reached skill level 12 in Ranged Weapons
  7853 | D:8      | Found Xamuinnide's Jewellery Boutique.
  8065 | D:9      | Reached skill level 5 in Dodging
  8103 | D:9      | Found a shimmering altar of Xom.
  8121 | D:9      | Reached skill level 1 in Invocations
  8236 | D:9      | Reached skill level 1 in Armour
  8539 | D:9      | Found a staircase to the Lair.
  8571 | D:9      | Reached XP level 11. HP: 45/75 MP: 13/13
  8677 | D:9      | Reached *** piety under Hepliaklqana
  9085 | D:10     | Entered Level 10 of the Dungeon
  9114 | D:10     | Got the Grimoire of the Creeping Crevasse
  9338 | D:10     | Reached skill level 13 in Ranged Weapons
  9516 | D:10     | Reached skill level 5 in Stealth
  9739 | D:10     | Reached skill level 5 in Invocations
  9854 | D:10     | Noticed a moth of wrath
  9854 | D:10     | Noticed a tengu warrior
  9854 | D:10     | Noticed a two-headed ogre
  9915 | D:10     | Noticed middlethird's ghost (novice VSTm)
  9915 | D:10     | Noticed a two-headed ogre
  9931 | D:10     | Noticed a two-headed ogre
  9934 | D:10     | Found a transporter.
  9940 | D:10     | Found a transporter.
  9985 | D:10     | Found a shadowy altar of Dithmenos.
 10160 | D:10     | Found a sacrificial altar of Ru.
 10223 | D:10     | Found a staircase to the Orcish Mines.
 10223 | D:10     | Noticed a two-headed ogre
 10229 | D:10     | Killed a two-headed ogre
 10230 | D:10     | Reached skill level 5 in Armour
 10247 | D:10     | Noticed a two-headed ogre
 10257 | D:10     | Killed a two-headed ogre
 10359 | D:10     | Noticed Snorg
 10377 | D:10     | Mangled by Snorg

Illustrated notes

Levels and vault maps discovered:
D:1:      erik_arrival_triangle_large, layout_basic, hex_intersection
D:2:      layout_basic, minmay_parallelograms
D:3:      layout_rooms
D:4:      layout_basic, worldfamousw_hep_ancestral_shrine, serial_shops,
          nicolae_shop_rolling_square, minmay_shop_enchanted_jewellery,
          abandoned_shop, kennysheep_generic_room_11, uniq_blork_the_orc,
          uniq_edmund
D:5:      minmay_spotlight, layout_rooms, serial_shops, nicolae_take_the_stairs,
          ebering_ghost_sewer_d, minmay_misc_feat_tower
D:6:      layout_basic, nicolae_overflow_crystal_walls, amcnicky_altar_gilded,
          fountainhead, amcnicky_mini_corridor_feature
D:7:      layout_basic, minmay_temple_entry_junction, uniq_menkaure,
          uniq_prince_ribbit1
D:8:      layout_loops_ring, serial_shops, shop
D:9:      layout_loops_cross, mainiacjoe_overflow_paths, david_lair_generic,
          kennysheep_generic_room_13
D:10:     layout_long_grid, nicolae_ru_the_path_less_chosen,
          nicolae_dithmenos_shadow_blocks, orc_0_dummy,
          gammafunk_ghost_wrathful_warriors, hangedman_decor_lopped,
          minmay_misc_feat_plants, hangedman_tell_no_tales, uniq_amaemon,
          uniq_snorg

Skill      XL: |  1  2  3  4  5  6  7  8  9 10 11 |
---------------+----------------------------------+-----
Ranged Weapons | 5 6 7 8 9 11 12 13 | 13.4
Fighting       | 3 4 5 6 7 |  7.1
Dodging        | 3 5 |  5.0
Invocations    | 3 5 |  5.0
Armour         | 2 5 |  5.0
Stealth        | 3 5 |  5.9

Action                     |  1- 3 |  4- 6 |  7- 9 | 10-12 || total
---------------------------+-------+-------+-------+-------++-------
  Melee: Shortbow          |       |     1 |       |       ||     1
         Dagger            |       |       |     9 |       ||     9
         Short sword       |       |       |     8 |       ||     8
         Great sword       |       |       |       |     2 ||     2
   Fire: Shortbow          |    94 |   162 |   288 |   337 ||   881
 Invoke: Ancestor Identity |       |       |     1 |       ||     1
         Ancestor Life: Kn |       |       |     1 |       ||     1
    Use: Scroll            |       |     5 |     8 |    11 ||    24
 Armour: Leather armour    |    15 |    22 |    17 |    17 ||    71
  Dodge: Dodged            |    27 |    92 |   129 |   101 ||   349
